 Dungeon Crawl Stone Soup version 0.28.0-49-g6dfe1f597d (webtiles) character file.

Game seed: 17397289555046405509

2170 thiscave3701365 the Cleaver (level 9, -3/76 (77) HPs)
             Began as a Minotaur Berserker on May 12, 2022.
             Was a Priest of Trog.
             Slain by a manticore (5 damage)
             ... on level 7 of the Dungeon.
             The game lasted 00:08:05 (7777 turns).

thiscave3701365 the Cleaver (Minotaur Berserker)    Turns: 7777, Time: 00:08:06

HP:   -3/76 (77)    AC: 14    Str: 27    XL:     9   Next: 11%
MP:   8/8           EV:  9    Int:  4    God:    Trog [***...]
Gold: 326           SH:  0    Dex:  9    Spells: 8/8 levels left

rFire   + . .      SeeInvis .   b - +0 war axe
rCold   . . .      Faith    .   (no shield)
rNeg    . . .      Spirit   .   h - +1 chain mail {rF+}
rPois   .          Reflect  .   (helmet restricted)
rElec   .          Harm     .   p - +1 cloak
rCorr   .          Rampage  .   (no gloves)
Will    .....                   (no boots)
Stlth   ..........              v - amulet of regeneration
HPRegen 1.02/turn               e - ring of flight
MPRegen 0.11/turn               (no ring)

@: on berserk cooldown, flying, slowed, lightly drained, very slow
A: horns 2, retaliatory headbutt
a: Renounce Religion, Berserk, Trog's Hand


You were on level 7 of the Dungeon.
You worshipped Trog.
Trog was most pleased with you.
You visited 1 branch of the dungeon, and saw 7 of its levels.
You also visited: Ossuary.

You collected 326 gold pieces.

Inventory:

Hand Weapons
 a - a +1 hand axe
 b - a +0 war axe (weapon)
Missiles
 j - 2 throwing nets
Armour
 h - a +1 chain mail of fire resistance (worn)
 p - a +1 cloak (worn)
Jewellery
 e - a ring of flight (left hand)
 v - an amulet of regeneration (around neck)
Wands
 n - a wand of polymorph (3)
Scrolls
 c - 3 scrolls of noise
 m - 2 scrolls of enchant weapon
 u - 5 scrolls of identify
 w - 2 scrolls of vulnerability {unknown}
 x - a scroll of teleportation
 A - a scroll of magic mapping
Potions
 d - 2 potions of resistance
 f - a potion of cancellation
 i - a potion of brilliance {unknown}
 k - a potion of haste
 l - a potion of degeneration {unknown}
 o - 2 potions of curing
 q - a potion of attraction
 r - a potion of berserk rage {unknown}
 s - 2 potions of ambrosia
 t - a potion of lignification
 z - a potion of might


   Skills:
 + Level 6.3 Fighting
 + Level 11.0 Axes
 + Level 7.9 Armour
 + Level 3.5 Dodging
 + Level 0.9 Stealth
 + Level 1.1 Unarmed Combat


You had 8 spell levels left.
You didn't know any spells.
Your spell library was empty.

Dungeon Overview and Level Annotations

Branches:
Dungeon (7/15)             Temple (0/1) D:4         Ossuary (visited)

Altars:
Hepliaklqana
Sif Muna
Wu Jian

Shops:
D:6 =


Innate Abilities, Weirdness & Mutations

You have a pair of horns on your head.
You reflexively headbutt those who attack you in melee.


Message History

The manticore is moderately wounded.
The manticore closely misses you.
The manticore claws you but does no damage.
The manticore closely misses you. The manticore bites you!
* * * LOW HITPOINT WARNING * * *
The manticore closely misses you.
The manticore claws you but does no damage.
You feel better.
The manticore bites you but does no damage.
The manticore closely misses you.
The manticore claws you but does no damage.
You closely miss the manticore.
The manticore is moderately wounded.
You carefully extract the barbed spikes from your body.
The manticore bites you.
* * * LOW HITPOINT WARNING * * *
The manticore claws you.
* * * LOW HITPOINT WARNING * * *
The manticore claws you but does no damage.
The manticore closely misses you. You furiously retaliate!
You headbutt the manticore! The manticore claws you.
* * * LOW HITPOINT WARNING * * *
The manticore claws you.
* * * LOW HITPOINT WARNING * * *
You hit the manticore but do no damage.
The manticore is severely wounded.
The manticore barely misses you.
The manticore claws you but does no damage. x2
You hit the manticore but do no damage. You punch the manticore!
The manticore is severely wounded.
The manticore bites you!
* * * LOW HITPOINT WARNING * * *
The manticore claws you but does no damage.
The manticore barely misses you.
Unknown command.
Okay, then.
You feel better. The manticore bites you!
* * * LOW HITPOINT WARNING * * *
The manticore barely misses you. The manticore claws you.
You die...

#.....................
##....................
.#...##.###......♣♣.#
...###..# #..).....#
..####..## #))......#
...#.#...# #.)).##.###
.........###)..##....#..
.....#..................
.....#..........@....#.
#.....###.......H....#
......###....#...#####
...........##......
...........#>....#..
##...8...###....##..
#.......# #####.. .
#.8...8## .. #......#


You could see a manticore.

Vanquished Creatures
  An ice beast (D:7)
  A black bear (D:5)
  2 necrophages
  An elf zombie (Ossuary)
  A gnoll sergeant (D:6)
  A bullfrog (D:6)
  A scorpion (D:6)
  A wyvern skeleton (D:4)
  5 killer bees (D:7)
  7 wights (D:7)
  2 howler monkeys (D:6)
  A centaur zombie (D:5)
  3 jellies
  A centaur skeleton (D:4)
  A hound (D:5)
  4 iguanas
  Natasha (thrice) (D:4)
  7 orc wizards
  A hound zombie (Ossuary)
  4 mummies (Ossuary)
  Robin (D:4)
  15 gnolls
  A howler monkey skeleton (D:4)
  4 adders
  A shadow imp (D:5)
  An ufetubus (D:4)
  7 worms
  4 dart slugs
  14 orcs
  3 bats
  4 endoplasms
  A giant cockroach (D:1)
  8 goblins
  14 hobgoblins
  4 kobolds
  A quokka (D:1)
  6 ball pythons
  A frilled lizard (D:1)
  2 gnoll zombies (Ossuary)
  A goblin zombie (Ossuary)
  2 hobgoblin zombies (Ossuary)
  2 jackal zombies (Ossuary)
  2 kobold zombies (Ossuary)
  An orc zombie (Ossuary)
  4 rats
152 creatures vanquished.

Vanquished Creatures (others)
  6 plants (D:7)
6 creatures vanquished.

Grand Total: 158 creatures vanquished

Notes
Turn   | Place    | Note
-------+----------+-------------------------------------------
     0 | D:1      | thiscave3701365 the Minotaur Berserker began the quest for
                  | the Orb.
     0 | D:1      | Reached XP level 1. HP: 19/19 MP: 0/0
   290 | D:1      | Reached skill level 4 in Axes
   290 | D:1      | Reached XP level 2. HP: 26/27 MP: 1/1
   445 | D:1      | Found a faded altar of an unknown god.
  1229 | D:2      | Reached XP level 3. HP: 18/33 MP: 2/2
  1680 | D:2      | Found a hazy altar of Hepliaklqana.
  1738 | D:2      | Reached skill level 5 in Axes
  1842 | D:2      | Reached XP level 4. HP: 36/40 MP: 3/3
  1919 | D:2      | Reached ** piety under Trog
  1927 | D:2      | Reached skill level 6 in Axes
  2110 | D:2      | Reached XP level 5. HP: 46/46 MP: 4/4
  2473 | D:2      | HP: 3/69 [gnoll/+0 spear (5)]
  3332 | D:3      | Reached skill level 7 in Axes
  4106 | D:4      | Reached XP level 6. HP: 48/52 MP: 5/5
  4215 | D:4      | Found a shimmering blue altar of Sif Muna.
  4275 | D:4      | Found a staircase to the Ecumenical Temple.
  4282 | D:4      | Noticed Robin
  4294 | D:4      | Killed Robin
  4424 | D:4      | Noticed Natasha
  4434 | D:4      | Killed Natasha
  4631 | D:4      | Noticed Natasha
  4638 | D:4      | Killed Natasha
  4713 | D:4      | Noticed Natasha
  4722 | D:4      | Killed Natasha
  4723 | D:4      | Reached skill level 8 in Axes
  4967 | D:4      | Reached XP level 7. HP: 60/60 MP: 6/6
  5018 | D:5      | Entered Level 5 of the Dungeon
  5228 | D:5      | Reached skill level 5 in Fighting
  5722 | D:5      | Found an ornate altar of the Wu Jian Council.
  5894 | D:5      | Reached skill level 9 in Axes
  5990 | D:5      | Found a hazy altar of Hepliaklqana.
  6060 | D:6      | Found Quhurch's Jewellery Emporium.
  6082 | D:6      | Reached skill level 5 in Armour
  6082 | D:6      | Reached skill level 1 in Unarmed Combat
  6351 | D:6      | Reached XP level 8. HP: 59/68 MP: 7/7
  6364 | D:6      | Reached *** piety under Trog
  6786 | D:6      | Reached skill level 10 in Axes
  7527 | D:7      | Found a sand-covered staircase.
  7538 | Ossuary  | Entered an ossuary
  7751 | D:7      | Reached XP level 9. HP: 75/75 MP: 8/8
  7754 | D:7      | Noticed a manticore
  7765 | D:7      | Reached skill level 11 in Axes
  7770 | D:7      | HP: 3/76 [manticore (2)]
  7776 | D:7      | HP: 1/76 [manticore (14)]
  7777 | D:7      | Slain by a manticore

Illustrated notes

Levels and vault maps discovered:
D:1:      dpeg_arrival_oval, layout_basic,
          shapermc_ecumenical_altar_mp_highgroup
D:2:      layout_basic, basic_altar
D:3:      layout_basic, solitary_fountain
D:4:      layout_loops_ring, nicolae_sif_muna_little_library, temple_statues,
          minivault_23, uniq_natasha, uniq_robin
D:5:      layout_gridville, kennysheep_little_box,
          worldfamousw_hep_ancestral_shrine, grunt_decor_mini_mirrors
D:6:      layout_basic, serial_shops, nicolae_shop_crystal
D:7:      layout_cave_pools, chequers_temple_overflow_statue_of_worship,
          nicolae_ossuary_entry_monument, serial_bayou_pond_a,
          hangedman_decor_lopped, nicolae_shop_dragon_depot

Skill      XL: |  1  2  3  4  5  6  7  8  9 |
---------------+----------------------------+-----
Axes           | 4 5 6 7 8 9 10 11 | 11.0
Fighting       | 4 5 6 |  6.3
Armour         | 3 4 5 7 |  7.9
Dodging        | 3 |  3.5
Unarmed Combat | 1 |  1.1
Stealth        | |  0.9

Action                   |  1- 3 |  4- 6 |  7- 9 || total
-------------------------+-------+-------+-------++-------
Melee: Hand axe          |    70 |   133 |   110 ||   313
       Headbutt          |    11 |    23 |    26 ||    60
       Unarmed           |       |     6 |       ||     6
       Punch             |       |     1 |     5 ||     6
       War axe           |       |       |    55 ||    55
Invok: Berserk           |     1 |     8 |     7 ||    16
  Use: Scroll            |       |     5 |    10 ||    15
       Potion            |       |       |     4 ||     4
 Stab: Confused          |       |     1 |       ||     1
Armor: Animal skin       |     3 |       |       ||     3
       Chain mail        |    16 |    50 |    97 ||   163
       Skin              |       |     2 |       ||     2
Dodge: Dodged            |    35 |    58 |    88 ||   181
